 Dungeon Crawl Stone Soup version 0.21.0-26-g889b8f6 (webtiles) character file.

273 nikopol the Skirmisher (level 6, -4/39 HPs)
             Began as a Gargoyle Fighter on Jan 27, 2018.
             Killed from afar by an orc wizard (7 damage)
             ... with a puff of flame
             ... on level 2 of the Dungeon.
             The game lasted 00:03:14 (1911 turns).

nikopol the Skirmisher (Gargoyle Fighter)           Turns: 1911, Time: 00:03:14

Health: -4/39      AC: 11    Str: 21    XL:     6   Next: 24%
Magic:  6/6        EV:  8    Int:  8    God:
Gold:   107        SH:  9    Dex: 10    Spells: 5/5 levels left

rFire    . . .     SeeInvis .   a - +0 war axe
rCold    . . .     Gourm    .   c - +0 shield
rNeg     + . .     Faith    .   b - +0 scale mail
rPois    ∞         Spirit   .   (no helmet)
rElec    +         Reflect  .   (no cloak)
rCorr    .         Harm     .   (no gloves)
MR       .....                  (no boots)
Stlth    ..........             (no amulet)
HPRegen  0.13/turn              (no ring)
MPRegen  0.10/turn              (no ring)

@: no status effects
A: negative energy resistance 1, electricity resistance, unbreathing,
petrification resistance, rot immunity, AC +4
a: no special abilities


You were on level 2 of the Dungeon.
You were hungry.

You visited 1 branch of the dungeon, and saw 3 of its levels.

You collected 107 gold pieces.

Inventory:

Hand Weapons
 a - a +0 war axe (weapon)
 p - a cursed -1 mace
Missiles
 e - 4 tomahawks (quivered)
Armour
 b - a +0 scale mail (worn)
 c - a +0 shield (worn)
Jewellery
 l - an uncursed ring of magical power {unknown}
Scrolls
 g - 4 scrolls of identify {unknown}
 h - 2 scrolls of teleportation {unknown}
 i - a scroll of random uselessness {unknown}
 j - a scroll of enchant weapon {unknown}
 q - a scroll of magic mapping {unknown}
 r - a scroll of remove curse {unknown}
Potions
 d - a potion of might
 k - 2 potions of mutation {unknown}
 m - 2 potions of brilliance {unknown}
 n - a potion of flight {unknown}
 o - 2 potions of haste {unknown}
 s - 2 potions of berserk rage {unknown}
 t - a potion of agility {unknown}
Comestibles
 f - 6 rations


   Skills:
 + Level 4.4 Fighting
 + Level 3.6 Axes
 + Level 4.2 Armour
 + Level 1.2 Dodging
 + Level 0.7 Stealth
 + Level 4.3 Shields


You had 5 spell levels left.
You didn't know any spells.

Dungeon Overview and Level Annotations

Branches:
Dungeon (3/15)

Altars:


Innate Abilities, Weirdness & Mutations

You are resistant to torment.
Your stone body is resilient. (AC +4)
You are immune to poison.
You resist negative energy. (rN+)
You are resistant to electric shocks. (rElec)
You can survive without breathing.
You are immune to petrification.
You are immune to rotting.


Message History

A puff of frost appears from out of thin air!
The puff of frost hits you! The adder barely misses you.
Something hits you but does no damage. The adder barely misses you.
You miss something. You slash the adder!
You kill the adder!
Something hits you but does no damage. x2
You miss something. Something hits you but does no damage.
You miss something.
Something hits you but does no damage. x2
You hit something.
Something hits you but does no damage. x2
You closely miss something.
Something hits you but does no damage. x2
You miss something. Something hits you but does no damage. Something hits you.
* * * LOW HITPOINT WARNING * * *
You miss something. Something hits you but does no damage. Something hits you.
* * * LOW HITPOINT WARNING * * *
You miss something.
Something hits you but does no damage. x2
You barely miss something.
You hear some strange, mumbled words.
A puff of flame appears from out of thin air!
The puff of flame hits you!
You die...

########################....#
#.<....##<...............†.##
#......##.........####.#####
#).....##.........##...#
#......##.)..........########
#(...####.>.......##......<.##
##.##.####.########...######..#
###...........#### #.### #...
...((##.#####..†@## #.# ##.#.
..####...## ####.{###># #..#.
..###.....## ##.....## #.##.
#.##.......# ###....######.###
#.##.>.....# ##.#........###
#.##.......####
###.#######....#
..###.........# ##...# #.##..
...#.......##.# #..### #.####
.#.........##.# #.## ##.# ##


There were no monsters in sight!

Vanquished Creatures
  4 wights
  4 adders
  3 oozes
  A worm (D:2)
  A dart slug (D:2)
  A leopard gecko (D:1)
  2 orcs (D:3)
  4 giant cockroaches (D:1)
  10 goblins
  2 hobgoblins
  7 jackals
  2 quokkas (D:2)
  3 ball pythons
  3 bats (D:1)
  5 frilled lizards
  4 kobolds
  8 rats
64 creatures vanquished.

Notes
Turn   | Place    | Note
-------+----------+-------------------------------------------
     0 | D:1      | nikopol the Gargoyle Fighter began the quest for the Orb.
     0 | D:1      | Reached XP level 1. HP: 14/14 MP: 1/1
     6 | D:1      | Noticed a polar bear
     6 | D:1      | Noticed a salamander
     7 | D:1      | Noticed a rime drake
   171 | D:1      | Reached XP level 2. HP: 9/19 MP: 2/2
   510 | D:1      | Reached XP level 3. HP: 24/24 MP: 3/3
  1252 | D:2      | Reached XP level 4. HP: 27/29 MP: 4/4
  1633 | D:3      | Reached XP level 5. HP: 33/33 MP: 5/5
  1652 | D:2      | Reached skill level 1 in Dodging
  1775 | D:3      | Reached XP level 6. HP: 29/39 MP: 6/6
  1911 | D:2      | Killed from afar by an orc wizard

Skill      XL: |  1  2  3  4  5 |
---------------+----------------+-----
Axes           | 2 3 |  3.6
Fighting       | 4 |  4.4
Dodging        | 1 |  1.2
Shields        | 4 |  4.3
Armour         | 4 |  4.2
Stealth        | |  0.7

Action                   |  1- 3 |  4- 6 || total
-------------------------+-------+-------++-------
Melee: War axe           |   121 |    93 ||   214
  Eat: Chunk             |     1 |     2 ||     3
Armor: Scale mail        |    79 |   105 ||   184
Dodge: Dodged            |    39 |    53 ||    92
Block: Shield            |    63 |    66 ||   129
